 Dungeon Crawl Stone Soup version 0.26-a0-808-g930a2b7adc (webtiles) character file.

Game seed: 16628211431191925380

996 Peloso the Slasher (level 7, -1/62 HPs)
             Began as a Minotaur Fighter on Nov 12, 2020.
             Was a Follower of Okawaru.
             Killed by divine providence
             ... invoked by an orc priest
              (14 damage)
             ... on level 5 of the Dungeon.
             The game lasted 00:09:30 (4526 turns).

Peloso the Slasher (Minotaur Fighter)               Turns: 4526, Time: 00:09:30

Health: -1/62      AC:  9    Str: 21    XL:     7   Next: 99%
Magic:  6/6        EV:  6    Int: 11    God:    Okawaru [*.....]
Gold:   198        SH: 10    Dex: 11    Spells: 6/6 levels left

rFire    . . .     SeeInvis .   a - +0 long sword
rCold    . . .     Faith    .   c - +0 kite shield
rNeg     . . .     Spirit   .   j - +0 chain mail
rPois    .         Reflect  .   (helmet restricted)
rElec    .         Harm     .   (no cloak)
rCorr    .         Rampage  .   (no gloves)
MR       +....                  (no boots)
Stlth    ..........             (no amulet)
HPRegen  0.20/turn              l - +6 ring of intelligence
MPRegen  0.10/turn              u - ring of protection from magic

@: no status effects
A: retaliatory headbutt, horns 2
a: Heroism, Renounce Religion


You were on level 5 of the Dungeon.
You worshipped Okawaru.
Okawaru was aware of your devotion.
You visited 2 branches of the dungeon, and saw 6 of its levels.

You collected 198 gold pieces.

Inventory:

Hand Weapons
 a - a +0 long sword (weapon)
 b - a cursed -2 whip
Armour
 c - a +0 kite shield (worn)
 j - a +0 chain mail (worn)
Jewellery
 l - a +6 ring of intelligence (left hand)
 u - a ring of protection from magic (right hand)
Wands
 o - a wand of random effects (16)
 v - a wand of flame (14)
Scrolls
 e - a scroll of fear {unknown}
 g - a scroll of enchant weapon {unknown}
 h - 3 scrolls of teleportation {unknown}
 i - 2 scrolls of blinking {unknown}
 m - 8 scrolls of identify {unknown}
 n - 2 scrolls of enchant armour {unknown}
 p - a scroll of fog {unknown}
 q - 2 scrolls of amnesia {unknown}
 s - a scroll of remove curse {unknown}
Potions
 d - 3 potions of might
 f - 5 potions of curing
 k - 2 potions of ambrosia {unknown}
 r - a potion of resistance {unknown}
 t - a potion of magic {unknown}
 w - a potion of experience {unknown}
 x - a potion of heal wounds {unknown}


   Skills:
 + Level 5.9 Fighting
 + Level 7.7 Long Blades
 + Level 5.2 Armour
 + Level 1.5 Dodging
 + Level 0.4 Stealth
 + Level 5.8 Shields
 + Level 0.9 Evocations


You had 6 spell levels left.
You didn't know any spells.
Your spell library contained the following spells:

 Spells                   Type           Power        Failure   Level
 Confusing Touch          Hex            #.......     100%        3
 Gell's Gravitas          Tloc           #.........   100%        3
 Petrify                  Tmut/Erth      #.......     100%        4
 Metabolic Englaciation   Hex/Ice        #.........   100%        5
 Yara's Violent Unravell  Hex/Tmut       #.........   100%        5


Dungeon Overview and Level Annotations

Branches:
Dungeon (5/15)             Temple (1/1) D:4

Altars:
Cheibriados
Dithmenos
Elyvilon
Gozag
Hepliaklqana
Nemelex Xobeh
Okawaru
Qazlal
Ru
Sif Muna
Uskayaw
Vehumet
Wu Jian
Xom
Yredelemnul
Zin
The Shining One


Innate Abilities, Weirdness & Mutations

You reflexively headbutt those who attack you in melee.
You have a pair of horns on your head.


Message History

Your shield and chain mail prevent you from hitting the orc priest.
The orc priest is lightly wounded.
The orc priest hits you but does no damage.
The bullfrog zombie hits you but does no damage.
You block the ice beast's attack.
Unknown command.
You slash the orc priest!
The orc priest is severely wounded.
You block the bullfrog zombie's attack.
The orc priest hits you with a +0 flail!
* * * LOW HITPOINT WARNING * * *
The ice beast hits you.
* * * LOW HITPOINT WARNING * * *
The ice beast freezes you.
* * * LOW HITPOINT WARNING * * *
You block the bullfrog zombie's attack.
You feel better.
The orc priest invokes the aid of Beogh against you.
Beogh smites you!
You die...

.## #..##..............
## ##..#..#.......#....
# ##....#......?.....
#................(.
.....................
..###..........$...)...
#..................
######.............
#.......Y@o..#..
.........Z...#
..............#
..........?.....
..............###
.............#
###.........#
###########


You could see an ice beast, an orc priest and a bullfrog zombie.

Vanquished Creatures
  Grinder (D:3)
  A sky beast (D:4)
  2 water moccasin skeletons (D:4)
  A centaur zombie (D:5)
  A hound (D:4)
  3 orc wizards
  An orc priest (D:3)
  A bullfrog skeleton (D:5)
  Terence (D:3)
  An iguana (D:4)
  4 worker ants (D:4)
  A killer bee zombie (D:5)
  A hound zombie (D:5)
  8 adders
  An ooze (D:2)
  An adder skeleton (D:4)
  5 worms
  2 dart slugs
  3 leopard geckos
  17 orcs
  3 bats
  4 giant cockroaches
  10 goblins
  7 hobgoblins
  15 jackals
  8 kobolds
  2 quokkas
  4 frilled lizards
  2 gnoll zombies (D:4)
  7 rats
118 creatures vanquished.

Vanquished Creatures (others)
  An orc wizard (D:4)
  9 plants (D:2)
10 creatures vanquished.

Grand Total: 128 creatures vanquished

Notes
Turn   | Place    | Note
-------+----------+-------------------------------------------
     0 | D:1      | Peloso the Minotaur Fighter began the quest for the Orb.
     0 | D:1      | Reached XP level 1. HP: 19/19 MP: 0/0
   201 | D:1      | Reached XP level 2. HP: 27/27 MP: 1/1
   574 | D:1      | Reached skill level 3 in Long Blades
   603 | D:1      | Reached XP level 3. HP: 33/33 MP: 2/2
   867 | D:2      | Found an opulent altar of Gozag.
  1288 | D:2      | Found a glowing golden altar of the Shining One.
  1455 | D:2      | Reached XP level 4. HP: 37/40 MP: 3/3
  1475 | D:2      | Reached skill level 4 in Long Blades
  2197 | D:3      | Noticed Terence
  2213 | D:3      | Killed Terence
  2213 | D:3      | Reached XP level 5. HP: 38/47 MP: 4/4
  2610 | D:3      | Reached skill level 5 in Long Blades
  2610 | D:3      | Reached skill level 1 in Dodging
  2616 | D:3      | Reached skill level 5 in Shields
  2663 | D:3      | Reached XP level 6. HP: 51/53 MP: 5/5
  2679 | D:3      | Noticed Grinder
  2691 | D:3      | Killed Grinder
  2691 | D:3      | Reached skill level 5 in Fighting
  2691 | D:3      | Reached skill level 6 in Long Blades
  3019 | D:4      | Found a staircase to the Ecumenical Temple.
  3033 | Temple   | Entered the Ecumenical Temple
  3038 | Temple   | Became a worshipper of Warmaster Okawaru
  3143 | D:4      | Reached XP level 7. HP: 58/61 MP: 6/6
  3166 | D:4      | Found a hazy altar of Hepliaklqana.
  3558 | D:4      | Found a shimmering blue altar of Sif Muna.
  3570 | D:4      | Reached skill level 7 in Long Blades
  3775 | D:4      | Reached skill level 5 in Armour
  3784 | D:4      | Found a basalt altar of Yredelemnul.
  3950 | D:5      | Entered Level 5 of the Dungeon
  3967 | D:4      | Reached * piety under Okawaru
  4466 | D:5      | Noticed a +0 hand axe
  4469 | D:5      | Found a hide-covered altar of Uskayaw.
  4469 | D:5      | Noticed a +0 hand axe
  4526 | D:5      | Killed from afar by an orc priest

Illustrated notes

Levels and vault maps discovered:
D:1:      psy_arrival_radial02, layout_loops_ring,
          chequers_serial_rivers_small_3
D:2:      layout_rooms, grunt_gozag_breadcrumbs, tso_oasis_becter,
          serial_forest, infiniplex_forest_zigzag_2, infiniplex_forest_join,
          infiniplex_forest_clump_medium, infiniplex_forest_end_1,
          infiniplex_forest_clump_tiny, infiniplex_forest_straight_4,
          infiniplex_forest_lined_room_2, infiniplex_forest_straight_5,
          corexii_shack
D:3:      layout_rooms, uniq_terence, uniq_grinder
D:4:      layout_basic, kennysheep_mini, lemuel_zombie_altar_yredelemnul,
          temple_hall, led_sif_book
D:5:      layout_rooms, overflow_temple_1_default, dancing_weapons_uskayaw
Temple:   minmay_freezing_vapour_temple

Skill      XL: |  1  2  3  4  5  6  7 |
---------------+----------------------+-----
Fighting       | 4 5 |  5.9
Shields        | 4 5 |  5.8
Long Blades    | 3 4 5 6 7 |  7.7
Armour         | 4 5 |  5.2
Dodging        | 1 |  1.5
Stealth        | |  0.4
Evocations     | |  0.9

Action                   |  1- 3 |  4- 6 |  7- 9 || total
-------------------------+-------+-------+-------++-------
Melee: Long sword        |    66 |   156 |   112 ||   334
       Headbutt          |    15 |    34 |    30 ||    79
Evoke: Wand              |       |       |     6 ||     6
  Use: Potion            |     5 |       |     1 ||     6
Armor: Scale mail        |    28 |    29 |       ||    57
       Chain mail        |       |    31 |    58 ||    89
Dodge: Dodged            |    21 |    47 |    39 ||   107
Block: Kite shield       |    35 |    80 |    78 ||   193
       Rpst.: Long sword |     3 |    18 |     9 ||    30

Table legend: (Time is in decaauts)
 A = Elapsed time spent in this place.
 B = Non-inter-level travel time spent in this place.
 C = Inter-level travel time spent in this place.
 D = Time resting spent in this place.
 E = Time spent auto-exploring this place.
 F = Levels seen in this place.
 G = Mean time per level.
                   A        B        C        D        E       F      G
               +--------+--------+--------+--------+--------+-----+--------+
         Total |   4608 |   4525 |     83 |    545 |   2958 |   6 |  768.0 |
       Dungeon |   4598 |   4515 |     83 |    545 |   2958 |   5 |  919.6 |
        Temple |     10 |     10 |      0 |      0 |      0 |   1 |   10.0 |
               +--------+--------+--------+--------+--------+-----+--------+

Top non-repeatable levels by time:
     D:2: 1361 daAuts
     D:4: 1349 daAuts
     D:1: 854 daAuts
     D:3: 798 daAuts
     D:5: 234 daAuts
  Temple: 10 daAuts
